 Dungeon Crawl Stone Soup version 0.23.0 (webtiles) character file.

Game seed: 14898127503714879559

2937 Folque the Destroyer (level 9, -4/50 HPs)
             Began as a Deep Elf Air Elementalist on Feb 18, 2019.
             Was a Follower of Sif Muna.
             Killed by divine providence
             ... invoked by an orc priest
              (14 damage)
             ... on level 7 of the Dungeon.
             The game lasted 00:44:52 (8630 turns).

Folque the Destroyer (Deep Elf Air Elementalist)    Turns: 8630, Time: 00:44:53

Health: -4/50      AC:  5    Str:  5    XL:     9   Next: 51%
Magic:  0/18       EV: 21    Int: 24    God:    Sif Muna [*.....]
Gold:   472        SH:  0    Dex: 15    Spells: 3/18 levels left

rFire    . . .     SeeInvis .   q - +1 flail (venom)
rCold    . . .     Gourm    .   (no shield)
rNeg     . . .     Faith    .   I - +0 robe {MR+}
rPois    .         Spirit   .   p - +0 helmet
rElec    .         Reflect  .   j - +0 cloak
rCorr    .         Harm     .   b - +0 pair of gloves
MR       +....                  (no boots)
Stlth    +++.......             (no amulet)
HPRegen  0.16/turn              o - ring of stealth
MPRegen  0.16/turn              F - +6 ring of evasion

@: no status effects
A: no striking features
a: Divine Energy, Renounce Religion


You were on level 7 of the Dungeon.
You worshipped Sif Muna.
Sif Muna was aware of your devotion.
You were not hungry.

You visited 2 branches of the dungeon, and saw 9 of its levels.

You collected 472 gold pieces.

Inventory:

Hand Weapons
 e - a +0 spear
 f - a +0 short sword
 g - a +0 quarterstaff
 i - a +0 dagger
 m - a +0 trident of protection
 q - a +1 flail of venom (weapon)
 B - a +0 giant club
Armour
 a - a +0 robe
 b - a +0 pair of gloves (worn)
 j - a +0 cloak (worn)
 p - a +0 helmet (worn)
 G - +0 steam dragon scales
 I - a +0 robe of magic resistance (worn)
Jewellery
 o - a ring of stealth (left hand)
 F - a +6 ring of evasion (right hand)
Wands
 C - a wand of acid (16)
Scrolls
 s - 3 scrolls of remove curse
 u - 4 scrolls of amnesia {unknown}
 w - 6 scrolls of identify
 x - 3 scrolls of enchant weapon {unknown}
 y - a scroll of blinking
 z - a scroll of enchant armour {unknown}
 A - 4 scrolls of fear {unknown}
 D - a scroll of magic mapping {unknown}
 H - a scroll of immolation {unknown}
 J - a scroll of teleportation
Potions
 d - a potion of degeneration {unknown}
 h - 5 potions of curing
 k - 2 potions of haste
 l - a potion of cancellation {unknown}
 n - a potion of ambrosia
 r - a potion of heal wounds {unknown}
 v - 3 potions of berserk rage {unknown}
 E - a potion of experience {unknown}
Comestibles
 c - 11 rations


   Skills:
 - Level 3.0 Fighting
 * Level 4.0 Armour
 + Level 5.7 Dodging
 - Level 2.4 Stealth
 - Level 5.0 Spellcasting
 * Level 8.5 Conjurations
 - Level 2.0 Charms
 + Level 7.2 Air Magic


You had 3 spell levels left.
You knew the following spells:

 Your Spells              Type           Power        Failure   Level  Hunger
a - Shock                 Conj/Air       ####         1%          1    None
b - Swiftness             Chrm/Air       ####....     1%          2    None
c - Static Discharge      Conj/Air       #####...     1%          3    ##.....
d - Lightning Bolt        Conj/Air       #####.....   10%         5    #####..
e - Airstrike             Air            #####.....   4%          4    ####...

Your spell library contained the following spells:

 Spells                   Type           Power        Failure   Level  Hunger


Dungeon Overview and Level Annotations

Branches:
Dungeon (8/15)             Temple (1/1) D:7
   Lair: D:8-11

Altars:
Ashenzari
Cheibriados
Dithmenos
Elyvilon
Fedhas
Gozag
Hepliaklqana
Kikubaaqudgha
Makhleb
Nemelex Xobeh
Okawaru
Qazlal
Ru
Sif Muna
Trog
Uskayaw
Vehumet
Wu Jian
Xom
Yredelemnul
Zin
The Shining One

Annotations:
D:7 1 runed translucent door, Lanoc's ghost, novice GnFi


Message History

The orc priest is moderately wounded.
The orc priest hits you with a +0 club.
* * * LOW HITPOINT WARNING * * *
Casting: Shock (safe; 1% risk of failure)
Confirm with . or Enter, or press ? or * to list all spells.
Aiming: Shock (safe; 1% risk of failure)
Press: ? - help, Shift-Dir - straight line, f - orc priest
Aim: an orc priest, wielding a +0 club and wearing a cursed +0 chain mail (heavily wounded, poisoned)
The zap hits the orc priest.
The orc priest is severely wounded.
The orc priest looks braver for a moment.
You feel better.
The orc priest invokes the aid of Beogh against you.
Beogh smites you!
* * * LOW HITPOINT WARNING * * *
You closely miss the orc priest.
The orc priest is almost dead.
The orc priest invokes the aid of Beogh against you.
Beogh smites you!
You die...

..## ##.###...>##........#
...#####..##....##........#
...##...........##........#
...#^.####.#....##........#
.....## #................#
...### ##.....##........#
...# #...####........# ...#
#..........(.#### ...#
###.#..o@......#
...######...#..........#
.......................#
..#.....#####..........#
.##.##### #..........#
....# #..........# .####
#..........# ##
############ #


You could see an orc priest.

Vanquished Creatures
  A two-headed ogre (D:8)
  Menkaure (D:5)
  An ice beast (D:7)
  2 phantoms
  4 ogres
  2 necrophages
  3 bullfrogs
  A wyvern zombie (D:7)
  2 scorpions
  3 wights (D:8)
  3 howler monkeys
  2 bullfrog zombies (D:5)
  4 hounds
  A jelly (D:7)
  A bullfrog skeleton (D:4)
  2 orc priests
  A centaur skeleton (D:7)
  An iguana (D:6)
  An orc wizard (D:7)
  7 worker ants
  A hound zombie (D:5)
  A hound skeleton (D:6)
  3 gnolls (D:5)
  A howler monkey skeleton (D:6)
  13 adders
  An ooze (D:7)
  7 worms
  9 leopard geckos
  16 orcs
  2 ball pythons
  8 bats
  3 giant cockroaches
  6 goblins
  9 hobgoblins
  5 quokkas
  7 frilled lizards
  4 kobolds
  8 rats
147 creatures vanquished.

Notes
Turn   | Place    | Note
-------+----------+-------------------------------------------
     0 | D:1      | Folque the Deep Elf Air Elementalist began the quest for
                  | the Orb.
     0 | D:1      | Reached XP level 1. HP: 10/10 MP: 6/6
   385 | D:1      | Reached XP level 2. HP: 11/15 MP: 8/8
   662 | D:1      | Reached skill level 2 in Conjurations
   668 | D:1      | Learned a level 2 spell: Swiftness
  1169 | D:1      | Reached XP level 3. HP: 17/19 MP: 10/10
  1352 | D:2      | Reached skill level 1 in Charms
  1537 | D:2      | Reached XP level 4. HP: 24/24 MP: 7/11
  2087 | D:2      | Reached skill level 3 in Conjurations
  2649 | D:3      | Reached XP level 5. HP: 20/28 MP: 5/13
  2712 | D:3      | Found a faded altar of an unknown god.
  3171 | D:4      | Noticed a phantom
  3178 | D:4      | Reached skill level 4 in Conjurations
  3306 | D:3      | Learned a level 3 spell: Static Discharge
  3312 | D:3      | Learned a level 5 spell: Lightning Bolt
  3639 | D:4      | Reached XP level 6. HP: 32/32 MP: 14/14
  4110 | D:4      | Reached skill level 1 in Fighting
  4110 | D:4      | Reached skill level 5 in Air Magic
  4762 | D:4      | Reached skill level 5 in Conjurations
  4762 | D:4      | Reached XP level 7. HP: 34/38 MP: 9/16
  4768 | D:4      | Learned a level 4 spell: Airstrike
  4864 | D:5      | Entered Level 5 of the Dungeon
  4864 | D:5      | Found a shadowy altar of Dithmenos.
  4987 | D:5      | Reached skill level 5 in Spellcasting
  5128 | D:5      | Noticed Menkaure
  5510 | D:5      | Killed Menkaure
  5873 | D:6      | Found a shadowy altar of Dithmenos.
  5877 | D:6      | Reached skill level 6 in Conjurations
  5888 | D:6      | Reached XP level 8. HP: 46/46 MP: 8/17
  6896 | D:6      | Found a deep blue altar of Sif Muna.
  6896 | D:6      | Found an iron altar of Okawaru.
  6899 | D:6      | Became a worshipper of Sif Muna the Loreminder
  7010 | D:7      | Reached skill level 1 in Armour
  7029 | D:7      | Reached skill level 7 in Conjurations
  7227 | D:7      | Found a glowing silver altar of Zin.
  7489 | D:7      | Found a staircase to the Ecumenical Temple.
  7525 | Temple   | Entered the Ecumenical Temple
  8154 | D:7      | Found a runed translucent door.
  8155 | D:7      | Noticed Lanoc's ghost (novice GnFi)
  8250 | D:7      | Reached XP level 9. HP: 50/50 MP: 4/18
  8339 | D:8      | Reached skill level 5 in Dodging
  8408 | D:8      | Noticed a two-headed ogre
  8428 | D:8      | Noticed a two-headed ogre
  8620 | D:8      | Killed a two-headed ogre
  8620 | D:8      | Reached * piety under Sif Muna
  8620 | D:8      | Reached skill level 8 in Conjurations
  8630 | D:7      | Killed from afar by an orc priest

Skill      XL: |  1  2  3  4  5  6  7  8  9 |
---------------+----------------------------+-----
Conjurations   | 2 3 4 5 6 7 8 |  8.5
Charms         | 1 2 |  2.0
Spellcasting   | 4 5 |  5.0
Air Magic      | 4 5 6 7 |  7.2
Fighting       | 1 3 |  3.0
Dodging        | 4 5 |  5.7
Armour         | 2 4 |  4.0
Stealth        | |  2.4

Action                   |  1- 3 |  4- 6 |  7- 9 || total
-------------------------+-------+-------+-------++-------
Melee: Spear             |    66 |    27 |       ||    93
       Short sword       |       |    40 |       ||    40
       Flail             |       |    28 |    91 ||   119
Throw: Throwing net      |       |       |     1 ||     1
 Cast: Shock             |    31 |    77 |    94 ||   202
       Swiftness         |     1 |     2 |     1 ||     4
       Lightning Bolt    |       |       |    24 ||    24
       Static Discharge  |       |       |     1 ||     1
  Use: Potion            |     2 |     2 |     3 ||     7
       Scroll            |     1 |     7 |     3 ||    11
 Stab: Sleeping          |     6 |     6 |     3 ||    15
       Distracted        |       |       |     1 ||     1
  Eat: Chunk             |     2 |     9 |    15 ||    26
       Ration            |       |       |     2 ||     2
Armor: Robe              |    24 |    30 |    32 ||    86
Dodge: Dodged            |    60 |   118 |   142 ||   320
